 Dungeon Crawl Stone Soup version 0.31-a0-115-g4708a659fe (webtiles) character file.

Game seed: 12172605232602523549

6470 Chodeload the Covert (level 11, -10/72 HPs)
             Began as an Octopode Wanderer on May 30, 2023.
             Was a Believer of Vehumet.
             Mangled by a vampire mosquito (12 damage)
             ... on level 10 of the Dungeon.
             The game lasted 00:34:33 (11880 turns).

Chodeload the Covert (Octopode Wanderer)           Turns: 11880, Time: 00:34:34

Health: -10/72     AC:  1    Str: 10    XL:     11   Next: 0%
Magic:  7/17       EV: 16    Int: 26    God:    Vehumet [**....]
Gold:   311        SH:  0    Dex: 23    Spells: 16/18 levels left

rFire   . . .        a - +4 short sword
rCold   . . .        (no shield)
rNeg    . . .        (helmet restricted)
rPois   +            s - amulet of regeneration
rElec   .            u - ring of poison resistance
rCorr   .            y - ring of see invisible
SInv    +            A - +6 ring of dexterity
Will    .....        D - +5 ring of intelligence
Stlth   +++++++      F - +6 ring of dexterity
HPRegen 1.12/turn    (no ring)
MPRegen 0.15/turn    (no ring)
                     (no ring)

%: no passive effects
@: no status effects
A: almost no armour, amphibious, 8 rings, camouflage 1, gelatinous body 1,
(nimble swimmer 1), tentacles
a: Renounce Religion


You were on level 10 of the Dungeon.
You worshipped Vehumet.
Vehumet was pleased with you.
You visited 2 branches of the dungeon, and saw 11 of its levels.

You collected 584 gold pieces.
You spent 273 gold pieces at shops.

Inventory:

Hand Weapons
 a - a +4 short sword (weapon)
 b - a +1 vampiric dagger
 c - a +2 whip of flaming
Missiles
 g - 10 boomerangs (quivered)
 r - 10 poisoned darts
 K - a curare-tipped dart
Jewellery
 s - an amulet of regeneration (around mantle)
 u - a ring of poison resistance (left tentacle)
 y - a ring of see invisible (right tentacle)
 A - a +6 ring of dexterity (on tentacle)
 D - a +5 ring of intelligence (on tentacle)
 F - a +6 ring of dexterity (on tentacle)
Wands
 d - a wand of flame (17)
 w - a wand of iceblast (8)
 I - a wand of polymorph (14)
Scrolls
 f - a scroll of immolation {unknown}
 h - 3 scrolls of fog
 o - a scroll of silence {unknown}
 p - a scroll of vulnerability {unknown}
 q - a scroll of poison {unknown}
 t - a scroll of enchant weapon {unknown}
 z - a scroll of summoning {unknown}
 B - a scroll of torment {unknown}
 C - a scroll of enchant armour {unknown}
 G - 2 scrolls of blinking
 J - a scroll of teleportation
Potions
 e - 3 potions of resistance
 i - 2 potions of heal wounds
 j - 2 potions of berserk rage {unknown}
 k - 2 potions of magic
 l - 3 potions of ambrosia
 m - a potion of mutation {unknown}
 n - a potion of cancellation {unknown}
 v - 3 potions of curing
 x - 2 potions of invisibility
 E - a potion of enlightenment {unknown}
 H - a potion of lignification


   Skills:
 + Level 5.2 Fighting
 - Level 3.7(4.0) Short Blades
 - Level 2.0(3.1) Long Blades
 - Level 5.0 Dodging
 - Level 13.3 Stealth
 - Level 4.0 Spellcasting
 - Level 8.3 Conjurations
 - Level 5.0 Fire Magic
 - Level 2.1 Evocations


You had 16 spell levels left.
You knew the following spells:

 Your Spells              Type           Power      Damage    Failure   Level
a - Foxfire               Conj/Fire      100%       2x1d9     1%          1
b - Shock                 Conj/Air       100%       1d9       1%          1

Your spell library contained the following spells:

 Spells                   Type           Power      Damage    Failure   Level
 Searing Ray              Conj           96%        2d7       1%          2
 Inner Flame              Hex/Fire       18%        N/A       9%          3
 Lesser Beckoning         Tloc           10%        N/A       13%         2
 Gell's Gravitas          Tloc           5%         N/A       26%         3
 Teleport Other           Tloc           5%         N/A       26%         3
 Dispersal                Tloc           2%         N/A       100%        6


Dungeon Overview and Level Annotations

Branches:
Dungeon (10/15)            Temple (1/1) D:5
   Lair: D:8-11         Orc: D:9-12

Altars:
Ashenzari
Cheibriados
Elyvilon
Fedhas
Gozag
Hepliaklqana
Nemelex Xobeh
Qazlal
Ru
Sif Muna
Trog
Vehumet
Zin

Shops:
D:3 (   D:4 (   D:6 ==

Annotations:
D:3 1 transporter, exclusion: downstairs
D:5 1 runed translucent door, 2 transporters, exclusions: door and downstairs, Crazy Yiuf
D:8 Erica


Innate Abilities, Weirdness & Mutations

You cannot wear most types of armour.
You are amphibious.
You can wear up to eight rings at the same time.
Your skin changes colour to match your surroundings (Stealth+).
Your rubbery body absorbs attacks. (AC +1, EV +1)
((You are camouflaged when in or above water. (Stealth+)))
You have tentacles for arms and can constrict up to eight enemies at once.


Message History

Confirm with . or Enter, or press ? or * to list all spells.
You conjure some foxfire!
The foxfire hits the vampire mosquito!
The vampire mosquito is moderately damaged.
The vampire mosquito bites you!
The vampire mosquito draws strength from your injuries!
The vampire mosquito closely misses you.
Casting: Foxfire (safe; 1% risk of failure)
Confirm with . or Enter, or press ? or * to list all spells.
You conjure some foxfire!
The foxfire hits the vampire mosquito.
The vampire mosquito is moderately damaged.
The foxfire hits the vampire mosquito!
The vampire mosquito is severely damaged.
The vampire mosquito bites you!
The vampire mosquito draws strength from your injuries!
The vampire mosquito bites you!
The vampire mosquito draws strength from your injuries!
The vampire mosquito barely misses you. The vampire mosquito bites you!
The vampire mosquito draws strength from your injuries!
Casting: Foxfire (safe; 1% risk of failure)
Confirm with . or Enter, or press ? or * to list all spells.
You conjure some foxfire!
The foxfire hits the vampire mosquito!
The vampire mosquito is moderately damaged.
The foxfire hits the vampire mosquito.
The vampire mosquito is heavily damaged.
The vampire mosquito bites you!
* * * LOW HITPOINT WARNING * * *
The vampire mosquito draws strength from your injuries!
The vampire mosquito misses you. The vampire mosquito bites you.
* * * LOW HITPOINT WARNING * * *
The vampire mosquito draws strength from your injuries!
The vampire mosquito completely misses you.
Casting: Foxfire (safe; 1% risk of failure)
Confirm with . or Enter, or press ? or * to list all spells.
You conjure some foxfire!
The foxfire hits the vampire mosquito.
The vampire mosquito is moderately damaged.
The vampire mosquito bites you!
* * * LOW HITPOINT WARNING * * *
The vampire mosquito draws strength from your injuries!
The vampire mosquito bites you!
You die...

.................(...............
.................................
.................................
......<.......................##.
.................................
.................................
..##.............................
...#...........§vv...............
..............!.@v.......#...##..
...............yy.#.#....#..##...
............................#....
...... ..................#.....
...... ......#...............#.
...... ........................
...... ....................#...
.#.... ................)....##.
...... ............#..####


You could see 2 vampire mosquitoes.

Vanquished Creatures
  Amaemon (D:10)
  Pikel (D:7)
  An orange demon (D:10)
  A kobold demonologist (D:9)
  Sigmund (D:4)
  3 yaks
  2 steam dragons (D:8)
  A vampire mosquito (D:10)
  Edmund (D:4)
  3 acid dragons
  3 water moccasins
  4 orc warriors
  2 black bears
  2 ice beasts
  2 sky beasts
  2 phantoms
  A kobold brigand (D:9)
  4 scorpions
  9 wights (D:7)
  9 killer bees
  A howler monkey (D:7)
  3 jellies
  5 hounds
  2 orc priests
  A gnoll bouda (D:6)
  A sleepcap (D:6)
  Jessica (D:2)
  Ijyb (D:4)
  Natasha (D:2)
  An iguana (D:7)
  5 orc wizards
  8 gnolls (D:6)
  9 adders
  A white imp (D:7)
  2 ufetubi
  2 worms
  2 dart slugs (D:3)
  26 orcs
  5 ball pythons
  7 endoplasms
  3 giant cockroaches
  3 hobgoblins
  4 jackals
  5 quokkas
  4 bats
  A frilled lizard (D:1)
  7 goblins
  12 kobolds
  5 rats
181 creatures vanquished.

Vanquished Creatures (collateral kills)
  5 foxfires
5 creatures vanquished.

Vanquished Creatures (others)
  899 foxfires
899 creatures vanquished.

Grand Total: 1085 creatures vanquished

Notes
Turn   | Place    | Note
-------+----------+-------------------------------------------
     0 | D:1      | Chodeload the Octopode Wanderer began the quest for the
                  | Orb.
     0 | D:1      | Chodeload set off with the following items: a +2 falchion,
                  | a wand of flame (4), a potion of lignification; and the
                  | following spell memorised: Foxfire; and the following
                  | spells available to memorise: Inner Flame.
     0 | D:1      | Reached XP level 1. HP: 14/14 MP: 2/2
   124 | D:1      | Found a faded altar of an unknown god.
   170 | D:1      | Reached skill level 1 in Conjurations
   407 | D:1      | Reached XP level 2. HP: 19/19 MP: 0/3
  1255 | D:2      | Reached XP level 3. HP: 24/24 MP: 1/4
  1287 | D:2      | Noticed Jessica
  1300 | D:2      | Killed Jessica
  1301 | D:2      | Reached XP level 4. HP: 14/29 MP: 1/5
  1462 | D:2      | Noticed Natasha
  1472 | D:2      | Killed Natasha
  2495 | D:3      | Found a radiant altar of Vehumet.
  2502 | D:3      | Reached XP level 5. HP: 34/34 MP: 4/6
  2507 | D:3      | Became a worshipper of Vehumet
  2727 | D:3      | Noticed an ice beast
  2768 | D:3      | Found a sparkling altar of Nemelex Xobeh.
  2768 | D:3      | Found a transporter.
  2793 | D:3      | Found Desmuzai's Antique Weapon Shoppe.
  3246 | D:4      | Noticed a phantom
  3263 | D:4      | Killed a phantom
  3405 | D:4      | Reached XP level 6. HP: 30/39 MP: 1/7
  3487 | D:4      | Found Xusat's Weapon Shoppe.
  3770 | D:4      | Noticed Ijyb
  3786 | D:4      | Killed Ijyb
  3855 | D:4      | Noticed a black bear
  3936 | D:4      | Noticed Edmund
  4090 | D:3      | Killed an ice beast
  4248 | D:3      | Reached skill level 5 in Conjurations
  4248 | D:3      | Reached skill level 5 in Fire Magic
  4248 | D:3      | Reached XP level 7. HP: 34/45 MP: 1/8
  4442 | D:4      | Noticed Sigmund
  4497 | D:5      | Entered Level 5 of the Dungeon
  4534 | D:5      | Found a runed translucent door.
  4535 | D:5      | Noticed Crazy Yiuf
  4619 | D:5      | Found a shimmering blue altar of Sif Muna.
  4648 | D:5      | Found a white marble altar of Elyvilon.
  5038 | D:5      | Found a transporter.
  5050 | D:5      | Noticed a yak
  5067 | D:5      | Found a transporter.
  5067 | D:5      | Noticed a vampire mosquito
  5067 | D:5      | Noticed a yak
  5072 | D:5      | Found a stormy altar of Qazlal.
  5227 | D:5      | Found a staircase to the Ecumenical Temple.
  5234 | Temple   | Entered the Ecumenical Temple
  5408 | D:5      | Found a snail-covered altar of Cheibriados.
  5469 | D:5      | Reached skill level 1 in Dodging
  5682 | D:6      | Reached * piety under Vehumet
  5682 | D:6      | Offered knowledge of Kiss of Death by Vehumet.
  5800 | D:6      | Found a broken altar of Ashenzari.
  5924 | D:6      | Reached XP level 8. HP: 50/50 MP: 6/12
  6085 | D:6      | Found Usyriqe's Jewellery Boutique.
  6487 | D:6      | Found a blossoming altar of Fedhas.
  6495 | D:6      | Found Xoplyeje's One-of-a-Kind Rings.
  6502 | D:6      | Bought a +5 ring of intelligence for 273 gold pieces
  7212 | D:7      | Reached skill level 2 in Stealth
  7322 | D:7      | Reached skill level 3 in Stealth
  7487 | D:7      | Found a glowing silver altar of Zin.
  7570 | D:7      | Reached skill level 4 in Stealth
  7570 | D:7      | Reached XP level 9. HP: 57/57 MP: 4/13
  7786 | D:7      | Found an opulent altar of Gozag.
  8015 | D:7      | Reached skill level 5 in Stealth
  8068 | D:7      | Found a bloodstained altar of Trog.
  8291 | D:7      | Reached ** piety under Vehumet
  8291 | D:7      | Offered knowledge of Shock by Vehumet.
  8426 | D:7      | Reached skill level 5 in Dodging
  8503 | D:7      | Noticed Pikel
  8513 | D:7      | Killed Pikel
  8514 | D:7      | Reached skill level 5 in Fighting
  8516 | D:7      | Learned a level 1 spell: Shock
  8631 | D:7      | Found a hazy altar of Hepliaklqana.
  8756 | D:7      | Reached skill level 6 in Stealth
  9153 | D:4      | Killed Edmund
  9154 | D:4      | Reached skill level 7 in Stealth
  9339 | D:4      | Killed Sigmund
  9340 | D:4      | Reached skill level 8 in Stealth
  9488 | D:4      | Reached XP level 10. HP: 66/66 MP: 9/14
  9650 | D:8      | Reached skill level 9 in Stealth
  9895 | D:8      | Reached skill level 10 in Stealth
 10127 | D:8      | Noticed Erica
 10812 | D:8      | Reached skill level 1 in Short Blades
 10938 | D:9      | Noticed a kobold demonologist
 10947 | D:9      | Killed a kobold demonologist
 10948 | D:9      | Reached skill level 11 in Stealth
 11344 | D:9      | Found a sacrificial altar of Ru.
 11516 | D:10     | Entered Level 10 of the Dungeon
 11832 | D:10     | Noticed Amaemon
 11833 | D:10     | Noticed an orange demon
 11844 | D:10     | Paralysed by Amaemon for 5 turns
 11856 | D:10     | Killed an orange demon
 11856 | D:10     | Killed Amaemon
 11857 | D:10     | Reached skill level 12 in Stealth
 11857 | D:10     | Reached skill level 13 in Stealth
 11875 | D:10     | Offered knowledge of Searing Ray by Vehumet.
 11876 | D:10     | Reached XP level 11. HP: 61/72 MP: 11/17
 11880 | D:10     | HP: 2/72 [vampire mosquito (12)]
 11880 | D:10     | Mangled by a vampire mosquito

Illustrated notes

Levels and vault maps discovered:
D:1:      minmay_arrival_five_plusses, layout_basic,
          hellmonk_ecumenical_altar_heavens_door
D:2:      layout_basic, minmay_crystal_room, chequers_serial_rivers_marsh,
          uniq_natasha, uniq_jessica
D:3:      layout_basic, fiery_altar_vehumet, grunt_nemelex_the_gamble,
          serial_shops, shop
D:4:      layout_basic, serial_shops, nicolae_shop_pleasant_corner_grove,
          uniq_sigmund, uniq_edmund, uniq_ijyb
D:5:      layout_gridville, mainiacjoe_overflow_concentric_impassable,
          mainiacjoe_overflow_small_starburst, kennysheep_mini,
          gammafunk_temple_overflow_arena, minmay_temple_entry_ruins,
          uniq_crazy_yiuf_cottage
D:6:      layout_cave_pods, fedhas_altar_3, cheibrodos_ashenzari_chains,
          nicolae_water_bricks, minmay_shop_enchanted_jewellery,
          nicolae_shop_unique_rings
D:7:      layout_basic, amcnicky_altar_gilded, nicolae_gozag_seed_capital,
          mainiacjoe_overflow_alcove_4, lightli_temple_of_fire,
          hangedman_abyss_or_decor_stagger, st_stairs_2, uniq_pikel
D:8:      layout_loops_ring, uniq_erica
D:9:      layout_rooms, lemuel_doored_altar
D:10:     layout_cross, uniq_amaemon
Temple:   kb_corrupted_temple

Skill      XL: |  1  2  3  4  5  6  7  8  9 10 |
---------------+-------------------------------+-----
Conjurations   | 1 2 3 4 5 7 8 |  8.3
Fire Magic     | 3 4 5 |  5.0
Spellcasting   | 3 4 |  4.0
Dodging        | 2 4 5 |  5.0
Stealth        | 4 8 13 | 13.3
Fighting       | 3 5 |  5.2
Short Blades   | 3 |  3.7
Long Blades    | |  2.0
Evocations     | |  2.1

Action                     |  1- 3 |  4- 6 |  7- 9 | 10-12 || total
---------------------------+-------+-------+-------+-------++-------
  Melee: Falchion          |     7 |       |       |       ||     7
         Tentacles         |     5 |     9 |     5 |       ||    19
         Constrict         |     4 |     7 |     5 |       ||    16
         Short sword       |    12 |    40 |    21 |     1 ||    74
         Punch             |       |     2 |     1 |       ||     3
         Dagger            |       |       |     5 |       ||     5
  Throw: Boomerang         |     1 |     3 |       |     1 ||     5
         Dart              |       |     6 |       |       ||     6
         Throwing net      |       |       |     1 |       ||     1
   Cast: Foxfire           |    32 |    66 |   297 |   145 ||   540
         Shock             |       |       |     2 |    11 ||    13
  Evoke: Wand              |       |       |       |     9 ||     9
    Use: Scroll            |       |       |     4 |     4 ||     8
         Potion            |       |       |     1 |       ||     1
   Stab: Sleeping          |     3 |     6 |     1 |       ||    10
         Held in net/web   |       |       |     2 |       ||     2
 Armour: Skin              |       |       |     9 |       ||     9
  Dodge: Dodged            |     8 |    18 |    54 |    51 ||   131

Table legend: (Time is in decaauts)
 A = Elapsed time spent in this place.
 B = Non-inter-level travel time spent in this place.
 C = Inter-level travel time spent in this place.
 D = Time resting spent in this place.
 E = Time spent auto-exploring this place.
 F = Levels seen in this place.
 G = Mean time per level.
                   A        B        C        D        E       F      G
               +--------+--------+--------+--------+--------+-----+--------+
         Total |  11886 |  11138 |    748 |   1989 |   6309 |  11 | 1080.5 |
       Dungeon |  11884 |  11136 |    748 |   1989 |   6309 |  10 | 1188.4 |
        Temple |      1 |      1 |      0 |      0 |      0 |   1 |    1.0 |
               +--------+--------+--------+--------+--------+-----+--------+

Top non-repeatable levels by time:
     D:7: 1820 daAuts
     D:6: 1544 daAuts
     D:3: 1374 daAuts
     D:8: 1370 daAuts
     D:4: 1323 daAuts
     D:2: 1280 daAuts
     D:5: 1201 daAuts
     D:1: 1035 daAuts
     D:9: 588 daAuts
    D:10: 345 daAuts
  Temple: 1 daAuts
